| TOP OF THE 1ST |
|
Batavia Clippers batting - Pitching for Utica Blue Jays : RHP Jeff Satzinger
|
|
Pitching: RHP Jeff Satzinger
|
|
|
Batting: RHB Greg Tabor
|
0-0: Ground out 5-3 (Groundball, 56S, EV 67.5 MPH)
|
|
Batting: LHB Mark Bingham
|
0-0: Ball 1-0: Swinging Strike 1-1: Ground out 5-3 (Groundball, 56, EV 80.0 MPH)
|
|
Batting: RHB Glenn Carpenter
|
0-0: Ball 1-0: Called Strike 1-1: SINGLE (Groundball, 34D, EV 108.8 MPH)
|
|
Batting: RHB Mickey Brantley
|
0-0: Ball 1-0: Ball 2-0: Called Strike 2-1: Foul Ball, location: 2F 2-2: Ball 3-2: DOUBLE (Line Drive, 7LD, EV 103.8 MPH) Glenn Carpenter to third Glenn Carpenter scores
|
|
Batting: RHB Larry Kiesling
|
0-0: Called Strike 0-1: Ball 1-1: Called Strike 1-2: Ball 2-2: Ground out 1-3 (Groundball, 13S, EV 68.1 MPH)
|
| Top of the 1st over - 1 run, 2 hits, 0 errors, 1 left on base; Batavia 1 - Utica 0 |
| BOTTOM OF THE 1ST |
|
Utica Blue Jays batting - Pitching for Batavia Clippers : RHP Greg Hughes
|
|
Pitching: RHP Greg Hughes
|
|
|
Batting: RHB Ed Allen
|
0-0: Foul Ball, location: 2F 0-1: Ball 1-1: Ball 2-1: Foul Ball, location: 2F 2-2: Ball 3-2: Base on Balls
|
|
Batting: SHB Manuel Lee
|
0-0: Called Strike Ed Allen steals 2nd base 0-1: Ball 1-1: Ball 2-1: Swinging Strike 2-2: Foul Ball, location: 2F 2-2: Foul Ball, location: 2F 2-2: SINGLE (Line Drive, 8RS, EV 108.1 MPH) Ed Allen to third
|
|
Batting: LHB Tom Reynolds
|
0-0: Fly out, F9 (Flyball, 9S, EV 85.0 MPH) Runner from 3rd tags up, SCORES, throw by RF
|
|
Now in RF: Mike Botkin
|
|
|
Batting: RHB Jose Gonzalez
|
0-0: Swinging Strike 0-1: Ball 1-1: Called Strike 1-2: Ball 2-2: Fly out, F3 (Popup, 3S, EV 69.4 MPH)
|
|
Batting: RHB Ricky Jordan
|
0-0: Ball 1-0: Swinging Strike 1-1: Called Strike 1-2: Foul Ball, location: 2F 1-2: Ball 2-2: Ball Manuel Lee steals 2nd base 3-2: Strikes out swinging
|
| Bottom of the 1st over - 1 run, 1 hit, 0 errors, 1 left on base; Batavia 1 - Utica 1 |
| TOP OF THE 2ND |
|
Batavia Clippers batting - Pitching for Utica Blue Jays : RHP Jeff Satzinger
|
|
Batting: LHB Mike Botkin
|
0-0: Swinging Strike 0-1: Ball 1-1: Ball 2-1: Ground out 4-3 (Groundball, 4, EV 98.8 MPH)
|
|
Batting: RHB Russ Stephans
|
0-0: Ball 1-0: Ball 2-0: Called Strike 2-1: Foul Ball, location: 2F 2-2: Ball 3-2: Foul Ball, location: 2F 3-2: Base on Balls
|
|
Batting: RHB Jorge Gonzalez
|
0-0: Ball 1-0: Fly out, F8 (Flyball, 78S, EV 87.5 MPH)
|
|
Batting: RHB Mark Kuecker
|
0-0: Ball 1-0: SINGLE (Groundball, 4D, EV 104.4 MPH) Russ Stephans to second Runner from 2nd tries for 3rd, SAFE, no throw by CF
|
|
Batting: RHB Greg Tabor
|
0-0: Ball 1-0: Called Strike 1-1: SINGLE (Groundball, 4MD, EV 97.5 MPH) Russ Stephans scores Mark Kuecker to second Runner from 2nd tries for 3rd, SAFE, no throw by CF
|
|
Batting: LHB Mark Bingham
|
0-0: Ball 1-0: Ball 2-0: Ball 3-0: Called Strike 3-1: Base on Balls Greg Tabor to second
|
|
Batting: RHB Glenn Carpenter
|
0-0: Ball 1-0: Called Strike 1-1: Ball 2-1: Called Strike 2-2: Ball 3-2: Foul Ball, location: 2F 3-2: Base on Balls Mark Kuecker scores Greg Tabor to third Mark Bingham to second
|
|
Batting: RHB Mickey Brantley
|
0-0: Ball 1-0: Ground out U3 (Groundball, 34S, EV 86.3 MPH)
|
| Top of the 2nd over - 2 runs, 2 hits, 0 errors, 3 left on base; Batavia 3 - Utica 1 |
| BOTTOM OF THE 2ND |
|
Utica Blue Jays batting - Pitching for Batavia Clippers : RHP Greg Hughes
|
|
Batting: SHB Steve Roadcap
|
0-0: Ball 1-0: Called Strike 1-1: SINGLE (Line Drive, 7S, EV 108.8 MPH)
|
|
Batting: LHB Kevin Bates
|
0-0: SINGLE (Flyball, 8RS, EV 96.9 MPH) Steve Roadcap to second Runner from 2nd tries for 3rd, SAFE, no throw by CF
|
|
Batting: RHB Gustavo Hernandez
|
0-0: Called Strike 0-1: Ball 1-1: Ball 2-1: Foul Ball, location: 2F 2-2: Ball 3-2: Foul Ball, location: 2F 3-2: Fielders Choice at 2nd, 6-4 (Groundball, 6, EV 79.4 MPH) Steve Roadcap scores
|
|
Batting: RHB Rafael Quezada
|
0-0: Ball 1-0: 2-RUN HOME RUN (Flyball, 7D, EV 104.4 MPH), Distance : 385 ft
|
|
Batting: RHB Ed Allen
|
0-0: DOUBLE (Line Drive, 7LM, EV 111.9 MPH)
|
|
Batting: SHB Manuel Lee
|
0-0: Called Strike 0-1: Ball 1-1: Called Strike 1-2: Ball 2-2: Foul Ball, location: 2F 2-2: Fly out, F8 (Flyball, 8LD, EV 85.6 MPH)
|
|
Batting: LHB Tom Reynolds
|
0-0: Ball 1-0: Swinging Strike 1-1: Ball 2-1: Swinging Strike 2-2: SINGLE (Line Drive, 56D, EV 96.9 MPH) Ed Allen to third Runner from 3rd tries for Home, throw by LF and OUT! 7-2
|
| Bottom of the 2nd over - 3 runs, 5 hits, 0 errors, 1 left on base; Batavia 3 - Utica 4 |
| TOP OF THE 3RD |
|
Batavia Clippers batting - Pitching for Utica Blue Jays : RHP Jeff Satzinger
|
|
Batting: RHB Larry Kiesling
|
0-0: Called Strike 0-1: Ball 1-1: Ball 2-1: Foul Ball, location: 2F 2-2: Ball 3-2: Foul Ball, location: 2F 3-2: Base on Balls
|
|
Batting: LHB Mike Botkin
|
0-0: Ball 1-0: Foul Ball, location: 2F 1-1: Foul Ball, location: 2F 1-2: Foul Ball, location: 2F 1-2: Ball 2-2: DOUBLE (Line Drive, 78M, EV 106.3 MPH) Larry Kiesling to third
|
|
Batting: RHB Russ Stephans
|
0-0: Ball 1-0: Ball 2-0: Ball 3-0: Called Strike 3-1: Ground out 4-3 (Groundball, 4, EV 105.0 MPH) Larry Kiesling scores Mike Botkin to third
|
|
Batting: RHB Jorge Gonzalez
|
0-0: Ball 1-0: Called Strike 1-1: Ball 2-1: Fly out, F8 (Flyball, 8RD, EV 92.5 MPH) Runner from 3rd tags up, SCORES, throw by CF
|
|
Batting: RHB Mark Kuecker
|
0-0: Called Strike 0-1: Swinging Strike 0-2: Foul Ball, location: 2F 0-2: Ball 1-2: Ball 2-2: Strikes out swinging
|
| Top of the 3rd over - 2 runs, 1 hit, 0 errors, 0 left on base; Batavia 5 - Utica 4 |
| BOTTOM OF THE 3RD |
|
Utica Blue Jays batting - Pitching for Batavia Clippers : RHP Greg Hughes
|
|
Batting: RHB Jose Gonzalez
|
0-0: SINGLE (Groundball, P, EV 90.0 MPH) (infield hit)
|
|
Batting: RHB Ricky Jordan
|
0-0: SINGLE (Flyball, 89S, EV 91.9 MPH) Jose Gonzalez to second Runner from 2nd tries for 3rd, SAFE, throw by CF made to third
|
|
Batting: SHB Steve Roadcap
|
0-0: Ball 1-0: Foul Ball, location: 2F 1-1: Ball 2-1: Swinging Strike 2-2: Reached via error on a dropped throw from 2B, E6 (Groundball, 4, EV 90.0 MPH) Jose Gonzalez scores Ricky Jordan to second
|
|
Batting: LHB Kevin Bates
|
0-0: Called Strike 0-1: Ball Wild Pitch! Ricky Jordan to third Steve Roadcap to second 1-1: Ball 2-1: Foul Ball, location: 2F 2-2: Strikes out looking
|
|
Batting: RHB Gustavo Hernandez
|
0-0: Ball 1-0: Fly out, F9 (Flyball, 9LS, EV 90.0 MPH)
|
|
Batting: RHB Rafael Quezada
|
0-0: Ball 1-0: Called Strike 1-1: Ground out 4-3 (Groundball, 4, EV 105.0 MPH)
|
| Bottom of the 3rd over - 1 run, 2 hits, 1 error, 2 left on base; Batavia 5 - Utica 5 |
| TOP OF THE 4TH |
|
Batavia Clippers batting - Pitching for Utica Blue Jays : RHP Jeff Satzinger
|
|
Batting: RHB Greg Tabor
|
0-0: Foul Ball, location: 2F 0-1: Foul Ball, location: 2F 0-2: Foul Ball, location: 2F 0-2: Ball 1-2: Ball 2-2: Ball 3-2: Strikes out swinging
|
|
Batting: LHB Mark Bingham
|
0-0: Ball 1-0: Called Strike 1-1: Called Strike 1-2: Strikes out swinging
|
|
Batting: RHB Glenn Carpenter
|
0-0: Called Strike 0-1: Ball 1-1: Ball 2-1: Reached on error, E5 (Groundball, 56, EV 80.6 MPH)
|
|
Batting: RHB Mickey Brantley
|
0-0: Fielders Choice at 2nd, U6 (Groundball, 6M, EV 84.4 MPH)
|
| Top of the 4th over - 0 runs, 0 hits, 1 error, 1 left on base; Batavia 5 - Utica 5 |
| BOTTOM OF THE 4TH |
|
Utica Blue Jays batting - Pitching for Batavia Clippers : RHP Greg Hughes
|
|
Batting: RHB Ed Allen
|
0-0: Ball 1-0: Ground out 6-3 (Groundball, 6, EV 99.4 MPH)
|
|
Batting: SHB Manuel Lee
|
0-0: Ball 1-0: Ball 2-0: Foul Ball, location: 2F 2-1: Foul Ball, location: 2F 2-2: Ground out U3 (Groundball, 34, EV 81.3 MPH)
|
|
Batting: LHB Tom Reynolds
|
0-0: Ball 1-0: Ball 2-0: Ball 3-0: Called Strike 3-1: SINGLE (Groundball, 34D, EV 94.4 MPH)
|
|
Batting: RHB Jose Gonzalez
|
0-0: Ball 1-0: Swinging Strike 1-1: Ball 2-1: Ball 3-1: Swinging Strike 3-2: Fly out, F9 (Line Drive, 9, EV 98.8 MPH)
|
| Bottom of the 4th over - 0 runs, 1 hit, 0 errors, 1 left on base; Batavia 5 - Utica 5 |
| TOP OF THE 5TH |
|
Batavia Clippers batting - Pitching for Utica Blue Jays : RHP Jeff Satzinger
|
|
Batting: RHB Larry Kiesling
|
0-0: Ball 1-0: Ball 2-0: Foul Ball, location: 2F 2-1: Fly out, F6 (Flyball, 6MD, EV 86.3 MPH)
|
|
Batting: LHB Mike Botkin
|
0-0: Ball 1-0: Ball 2-0: Foul Ball, location: 2F 2-1: Foul Ball, location: 2F 2-2: Strikes out swinging
|
|
Batting: RHB Russ Stephans
|
0-0: Called Strike 0-1: DOUBLE (Groundball, 5L, EV 103.8 MPH)
|
|
Batting: RHB Jorge Gonzalez
|
0-0: Ball 1-0: SINGLE (Line Drive, 9LS, EV 87.5 MPH) Russ Stephans to third Runner from 3rd tries for Home, SAFE, throw by RF to home
|
|
Pitching: RHP Mike Cerefin
|
|
|
Batting: RHB Mark Kuecker
|
0-0: Swinging Strike 0-1: Ball 1-1: Swinging Strike 1-2: Foul Ball, location: 2F 1-2: Ball 2-2: Strikes out swinging
|
| Top of the 5th over - 1 run, 2 hits, 0 errors, 1 left on base; Batavia 6 - Utica 5 |
| BOTTOM OF THE 5TH |
|
Utica Blue Jays batting - Pitching for Batavia Clippers : RHP Greg Hughes
|
|
Batting: RHB Ricky Jordan
|
0-0: Fly out, F9 (Line Drive, 9D, EV 105.6 MPH)
|
|
Batting: SHB Steve Roadcap
|
0-0: Ball 1-0: Foul Ball, location: 2F 1-1: Foul Ball, location: 2F 1-2: Ball 2-2: Ball 3-2: Foul Ball, location: 2F 3-2: Reached on error, E6 (Groundball, 6, EV 84.4 MPH)
|
|
Batting: LHB Kevin Bates
|
0-0: Ball 1-0: Foul Ball, location: 2F 1-1: Ball 2-1: Called Strike 2-2: Ball 3-2: Fly out, F8 (Flyball, 8LD, EV 98.8 MPH)
|
|
Batting: RHB Gustavo Hernandez
|
0-0: Called Strike 0-1: Ball 1-1: Ball 2-1: Foul Ball, location: 2F 2-2: Ground out 4-3 (Groundball, 4, EV 98.1 MPH)
|
| Bottom of the 5th over - 0 runs, 0 hits, 1 error, 1 left on base; Batavia 6 - Utica 5 |
| TOP OF THE 6TH |
|
Batavia Clippers batting - Pitching for Utica Blue Jays : RHP Mike Cerefin
|
|
Batting: RHB Greg Tabor
|
0-0: Ball 1-0: Ball 2-0: SINGLE (Line Drive, 9S, EV 110.0 MPH)
|
|
Batting: LHB Mark Bingham
|
0-0: Called Strike 0-1: Ball 1-1: Swinging Strike 1-2: Foul Ball, location: 2F 1-2: Foul Ball, location: 2F 1-2: Strikes out swinging
|
|
Batting: RHB Glenn Carpenter
|
0-0: Ball Greg Tabor is caught stealing 2nd base 2-4 1-0: Ball 2-0: Ground out 5-3 (Groundball, 56, EV 85.6 MPH)
|
| Top of the 6th over - 0 runs, 1 hit, 0 errors, 0 left on base; Batavia 6 - Utica 5 |
| BOTTOM OF THE 6TH |
|
Utica Blue Jays batting - Pitching for Batavia Clippers : RHP Greg Hughes
|
|
Batting: RHB Rafael Quezada
|
0-0: Called Strike 0-1: Ground out 4-3 (Groundball, 4, EV 91.9 MPH)
|
|
Batting: RHB Ed Allen
|
0-0: Ball 1-0: Called Strike 1-1: Ball 2-1: Ground out U3 (Groundball, 34, EV 100.0 MPH)
|
|
Batting: SHB Manuel Lee
|
0-0: Ground out 4-3 (Groundball, 4, EV 100.6 MPH)
|
| Bottom of the 6th over - 0 runs, 0 hits, 0 errors, 0 left on base; Batavia 6 - Utica 5 |
| TOP OF THE 7TH |
|
Batavia Clippers batting - Pitching for Utica Blue Jays : RHP Mike Cerefin
|
|
Batting: RHB Mickey Brantley
|
0-0: Ball 1-0: Foul Ball, location: 2F 1-1: Ball 2-1: SINGLE (Line Drive, 8LS, EV 91.9 MPH)
|
|
Batting: RHB Larry Kiesling
|
0-0: Ball 1-0: SINGLE (Groundball, 6D, EV 97.5 MPH) Mickey Brantley to second
|
|
Batting: LHB Mike Botkin
|
0-0: Foul Ball, location: 2F 0-1: Foul Ball, location: 2F 0-2: Foul Ball, location: 2F 0-2: Foul Ball, location: 2F 0-2: Fly out, F4 (Popup, 3S, EV 80.6 MPH)
|
|
Pitching: LHP Maximo Rosario
|
|
|
Batting: RHB Russ Stephans
|
0-0: Ball 1-0: Ball 2-0: Called Strike 2-1: SINGLE (Flyball, 78S, EV 84.4 MPH) Mickey Brantley to third Larry Kiesling to second Runner from 3rd tries for Home, SAFE, throw by LF to home
|
|
Batting: RHB Jorge Gonzalez
|
0-0: Ball 1-0: SINGLE (Line Drive, 3D, EV 99.4 MPH) Larry Kiesling to third Russ Stephans to second
|
|
Batting: RHB Mark Kuecker
|
0-0: Ball 1-0: Fly out, F7 (Flyball, 7LM, EV 85.0 MPH) Runner from 3rd tags up, SCORES, throw by LF
|
|
Batting: RHB Greg Tabor
|
0-0: Ball 1-0: Ball 2-0: DOUBLE (Line Drive, 78D, EV 108.8 MPH) Russ Stephans scores Jorge Gonzalez to third
|
|
Batting: LHB Mark Bingham
|
0-0: Fly out, F8 (Flyball, 8RD, EV 92.5 MPH)
|
| Top of the 7th over - 3 runs, 5 hits, 0 errors, 2 left on base; Batavia 9 - Utica 5 |
| BOTTOM OF THE 7TH |
|
Utica Blue Jays batting - Pitching for Batavia Clippers : RHP Greg Hughes
|
|
Pitching: RHP Stephen Golden
|
|
|
Batting: LHB Tom Reynolds
|
0-0: Called Strike 0-1: Ball 1-1: Ground out 5-3 (Groundball, 5, EV 75.0 MPH)
|
|
Batting: RHB Jose Gonzalez
|
0-0: Ball 1-0: Ground out 4-3 (Groundball, 4, EV 99.4 MPH)
|
|
Batting: RHB Ricky Jordan
|
0-0: Ground out 4-3 (Groundball, 34, EV 83.1 MPH)
|
| Bottom of the 7th over - 0 runs, 0 hits, 0 errors, 0 left on base; Batavia 9 - Utica 5 |
| TOP OF THE 8TH |
|
Batavia Clippers batting - Pitching for Utica Blue Jays : LHP Maximo Rosario
|
|
Batting: RHB Glenn Carpenter
|
0-0: Ball 1-0: Called Strike 1-1: Ball 2-1: Called Strike 2-2: Foul Ball, location: 2F 2-2: SINGLE (Groundball, 6MD, EV 106.3 MPH)
|
|
Batting: RHB Mickey Brantley
|
0-0: Grounds into double play, 6-4-3 (Groundball, 6M, EV 90.0 MPH)
|
|
Batting: RHB Larry Kiesling
|
0-0: Foul Ball, location: 2F 0-1: Called Strike 0-2: Foul Ball, location: 2F 0-2: Ground out 5-3 (Groundball, 56, EV 83.8 MPH)
|
| Top of the 8th over - 0 runs, 1 hit, 0 errors, 0 left on base; Batavia 9 - Utica 5 |
| BOTTOM OF THE 8TH |
|
Utica Blue Jays batting - Pitching for Batavia Clippers : RHP Stephen Golden
|
|
Batting: SHB Steve Roadcap
|
0-0: Called Strike 0-1: Ball 1-1: Ball 2-1: Swinging Strike 2-2: Ball 3-2: Foul Ball, location: 2F 3-2: Base on Balls
|
|
Batting: LHB Kevin Bates
|
0-0: Called Strike 0-1: Ball 1-1: Ball 2-1: Called Strike 2-2: Foul Ball, location: 2F 2-2: Ball 3-2: Base on Balls Steve Roadcap to second
|
|
Batting: RHB Gustavo Hernandez
|
0-0: Ball 1-0: Fielders Choice at 2nd, 1-4 (Groundball, 15S, EV 69.4 MPH) Steve Roadcap to third
|
|
Batting: RHB Rafael Quezada
|
0-0: Ball 1-0: Ball 2-0: SINGLE (Groundball, 34S, EV 87.5 MPH) (infield hit) Steve Roadcap scores Gustavo Hernandez to second
|
|
Batting: RHB Ed Allen
|
0-0: Grounds into double play, 5-4-3 (Groundball, 56, EV 100.6 MPH)
|
| Bottom of the 8th over - 1 run, 1 hit, 0 errors, 1 left on base; Batavia 9 - Utica 6 |
| TOP OF THE 9TH |
|
Batavia Clippers batting - Pitching for Utica Blue Jays : LHP Maximo Rosario
|
|
Batting: LHB Mike Botkin
|
0-0: Ball 1-0: Ball 2-0: Called Strike 2-1: Foul Ball, location: 2F 2-2: Fly out, F9 (Line Drive, 9, EV 108.1 MPH)
|
|
Batting: RHB Russ Stephans
|
0-0: Called Strike 0-1: Ball 1-1: Ball 2-1: Ball 3-1: Called Strike 3-2: Foul Ball, location: 2F 3-2: Base on Balls
|
|
Batting: RHB Jorge Gonzalez
|
0-0: Foul Ball, location: 2F 0-1: Ball 1-1: Foul Ball, location: 2F 1-2: Foul Ball, location: 2F 1-2: Ball 2-2: Fly out, F8 (Flyball, 8LS, EV 76.3 MPH)
|
|
Pitching: RHP James Strichek
|
|
|
Batting: RHB Mark Kuecker
|
0-0: Swinging Strike 0-1: Swinging Strike 0-2: Strikes out swinging
|
| Top of the 9th over - 0 runs, 0 hits, 0 errors, 1 left on base; Batavia 9 - Utica 6 |
| BOTTOM OF THE 9TH |
|
Utica Blue Jays batting - Pitching for Batavia Clippers : RHP Stephen Golden
|
|
Pitching: RHP Juan Ruiz
|
|
|
Batting: SHB Manuel Lee
|
0-0: Swinging Strike 0-1: Called Strike 0-2: Strikes out swinging
|
|
Batting: LHB Tom Reynolds
|
0-0: Called Strike 0-1: Ball 1-1: Ball 2-1: Ball 3-1: Called Strike 3-2: Base on Balls
|
|
Batting: RHB Jose Gonzalez
|
0-0: Ball 1-0: Ball 2-0: Swinging Strike 2-1: Ground out U3 (Groundball, 13, EV 87.5 MPH) Tom Reynolds to second
|
|
Batting: RHB Ricky Jordan
|
0-0: Ball 1-0: Swinging Strike 1-1: Ball 2-1: Ball 3-1: Foul Ball, location: 2F 3-2: Foul Ball, location: 2F 3-2: Base on Balls
|
|
Batting: SHB Steve Roadcap
|
0-0: Called Strike Balk! Tom Reynolds to third Ricky Jordan to second 0-1: Ground out 6-3 (Groundball, 6M, EV 82.5 MPH)
|
| Bottom of the 9th over - 0 runs, 0 hits, 0 errors, 2 left on base; Batavia 9 - Utica 6 |
|